Map: Rainfall LE

Players

Reynor

  • Race: Zerg Zerg
  • League: Master
  • Spawn Location: 11:00

liquidclem (Clem) - Winner!

  • Race: Terran Terran
  • League: Grandmaster
  • Spawn Location: 5:00

Event: HomeStory Cup XXIX

VOD

Have the link to the VOD?

Description

Time

  • Played on: July 5, 2026, 12:32 p.m.
  • Length: 15:40

All games in this series

Show
View Real Time Build Order
Export as new Build Order

Reynor Zerg 

Build Orders: Hatch First 

Get SALT Encoding   

  8  0:00  Drone  
  9  0:10  Drone  
  10  0:16  Drone  
  12  0:21  Drone  
  12  0:32  Overlord  
  12  0:40  Extractor  
  12  0:41  Drone  
  13  0:51  Drone x2  
  15  1:11  Hatchery  
  15  1:15  Drone  
  15  1:19  Drone  
  15  1:22  Drone  
  17  1:37  Spawning Pool  
  17  1:39  Drone  
  17  1:42  Extractor  
  17  1:44  Drone  
  17  1:49  Drone  
  18  1:59  Drone  
  19  2:09  Overlord  
  19  2:23  Queen x2  
  19  2:24  Zergling x2  
  19  2:27  Zergling x2  
  26  2:30  Zergling x2  
  26  2:33  Drone  
  27  2:39  Drone  
  28  2:45  Metabolic Boost  
  28  2:48  Drone  
  29  2:51  Overlord  
  29  2:55  Drone  
  30  2:59  Drone  
  30  3:05  Drone  
  30  3:09  Queen  
  30  3:12  Drone  
  34  3:13  Drone  
  34  3:19  Overlord  
  35  3:23  Drone  
  36  3:28  Drone  
  37  3:35  Drone x2  
  37  3:38  Drone x3  
  37  3:39  Drone x2  
  44  3:42  Overlord  
  44  3:55  Hatchery  
  43  3:58  Queen  
  45  4:04  Queen  
  45  4:07  Zergling x4  
  49  4:14  Zergling x4  
  51  4:17  Overlord  
  51  4:24  Drone x4  
  55  4:27  Overlord  
  55  4:34  Overlord  
  55  4:37  Lair  
  55  4:39  Drone x2  
  55  4:40  Drone x2  
  55  4:44  Queen  
  61  4:46  Drone  
  61  4:49  Overlord  
  62  4:54  Drone  
  62  4:56  Extractor  
  62  4:59  Drone  
  63  5:01  Spore Crawler, Evolution Chamber  
  63  5:02  Spore Crawler  
  63  5:04  Zergling x2  
  61  5:08  Zergling x6  
  61  5:09  Drone  
  61  5:11  Drone  
  61  5:14  Drone x2  
  68  5:18  Drone  
  68  5:19  Spore Crawler  
  68  5:22  Drone x3  
  68  5:27  Drone  
  68  5:28  Drone  
  73  5:29  Zerg Ground Armor Level 1  
  73  5:31  Drone  
  73  5:37  Zergling x4  
  73  5:42  Drone x2  
  70  5:43  Drone x2  
  70  5:47  Drone  
  72  5:50  Queen  
  72  5:51  Drone x3  
  72  5:53  Overseer  
  72  5:55  Queen  
  79  5:57  Baneling Nest  
  79  6:00  Drone x3  
  79  6:03  Evolution Chamber  
  80  6:05  Drone x2  
  80  6:08  Overlord  
  80  6:09  Drone  
  82  6:16  Hatchery  
  82  6:17  Drone x2  
  83  6:18  Drone  
  83  6:22  Drone x2  
  83  6:23  Extractor  
  83  6:25  Drone  
  86  6:26  Extractor  
  86  6:29  Overlord  
  86  6:31  Zerg Melee Weapons Level 1  
  83  6:36  Drone x4  
  83  6:38  Overlord, Drone  
  83  6:39  Drone  
  89  6:43  Hatchery  
  89  6:45  Centrifugal Hooks  
  89  6:46  Drone  
  89  6:48  Drone x2  
  89  6:49  Extractor  
  89  6:53  Overlord  
  91  6:54  Zergling x4  
  91  6:59  Zergling x8, Queen  
  98  7:05  Zergling x2  
  99  7:09  Zergling x6  
  99  7:10  Baneling x6  
  99  7:11  Drone x3  
  99  7:15  Pneumatized Carapace  
  105  7:17  Burrow  
  105  7:20  Drone x2  
  105  7:22  Drone  
  108  7:24  Zergling x6  
  108  7:25  Zerg Ground Armor Level 2  
  108  7:27  Spore Crawler  
  110  7:30  Baneling x4  
  110  7:33  Zergling x12  
  116  7:38  Queen  
  117  7:44  Zergling x16  
  117  7:48  Overlord  
  117  7:49  Zergling x6  
  128  7:55  Drone  
  128  7:57  Zergling x4  
  131  8:00  Zergling x2  
  131  8:02  Overlord x2  
  132  8:06  Hatchery, Zergling x2  
  132  8:07  Zergling x4  
  132  8:11  Baneling x5  
  134  8:13  Zergling x4  
  134  8:18  Zergling x8  
  140  8:20  Overlord  
  140  8:24  Zergling x8, Overlord  
  140  8:25  Drone x2  
  146  8:28  Zergling x8, Hydralisk Den  
  146  8:32  Infestation Pit  
  148  8:35  Baneling, Zerg Melee Weapons Level 2  
  148  8:39  Zergling x12  
  150  8:44  Baneling x2  
  146  8:50  Zergling x12  
  146  8:53  Zergling x4  
  146  8:57  Zergling x2  
  146  8:58  Zergling x18  
  146  9:04  Zergling x4  
  146  9:08  Zergling x4  
  144  9:15  Muscular Augments  
  144  9:16  Hive  
  143  9:21  Baneling  
  143  9:22  Baneling x2, Drone x4  
  143  9:23  Drone x5  
  151  9:25  Hydralisk x4  
  151  9:27  Baneling  
  151  9:28  Zergling x4  
  151  9:30  Zergling x2  
  158  9:31  Baneling x2  
  158  9:35  Zergling x4  
  158  9:36  Zergling x2  
  148  9:39  Hydralisk x2, Zergling x2  
  148  9:40  Baneling  
  148  9:41  Baneling  
  148  9:42  Zergling x2  
  148  9:43  Hydralisk x2  
  144  9:48  Hydralisk  
  144  9:49  Hydralisk x3  
  144  9:50  Zergling x6, Zerg Missile Weapons Level 1  
  155  9:53  Baneling x8  
  155  9:58  Drone x4  
  155  9:59  Drone x3  
  162  10:00  Zergling x14, Spore Crawler  
  162  10:03  Overseer  
  167  10:08  Baneling x6  
  167  10:10  Zergling x6  
  167  10:11  Zergling x6  
  167  10:13  Baneling x3  
  173  10:20  Zergling x22  
  172  10:24  Drone x3  
  172  10:26  Spore Crawler, Extractor  
  172  10:28  Zergling x8  
  176  10:32  Baneling  
  176  10:33  Baneling x3, Overlord  
  175  10:40  Baneling x5, Overseer  
  175  10:41  Zergling x4  
  175  10:42  Overlord  
  163  10:51  Hydralisk, Zergling x2  
  163  10:52  Zergling x22  
  173  10:58  Zergling x6  
  173  11:00  Spore Crawler  
  173  11:01  Spore Crawler  
  174  11:05  Zerg Ground Armor Level 3, Adrenal Glands  
  174  11:09  Drone x5  
  174  11:10  Overlord  
  178  11:13  Spore Crawler  
  178  11:14  Zergling x2  
  178  11:15  Zergling x10  
  182  11:20  Viper  
  182  11:22  Overlord  
  182  11:30  Viper x2  
  188  11:34  Zergling x6  
  188  11:36  Overlord  
  184  11:44  Zergling x2  
  184  11:45  Zergling x4  
  168  11:47  Zergling x32  
  168  11:48  Zerg Melee Weapons Level 3  
  168  11:52  Hydralisk  
  168  11:53  Zergling x4  
  188  11:55  Zergling x2  
  188  11:56  Hydralisk  
  188  11:57  Zergling x4  
  192  12:01  Baneling  
  192  12:02  Baneling x6  
  192  12:04  Zergling x6  
  192  12:05  Zergling x4  
  192  12:06  Zergling x2  
  181  12:08  Zergling x2  
  181  12:09  Zergling x6  
  181  12:11  Zergling x6  
  181  12:12  Hydralisk  
  181  12:13  Zergling x6  
  178  12:16  Hydralisk  
  178  12:17  Hydralisk  
  178  12:18  Zergling x2, Hydralisk  
  178  12:19  Zergling x4  
  167  12:23  Hydralisk, Zergling x4  
  167  12:26  Zergling x2  
  167  12:28  Queen  
  164  12:32  Hydralisk x2  
  164  12:33  Zergling x6  
  164  12:36  Overseer  
  167  12:37  Baneling x8  
  167  12:38  Zergling x4  
  167  12:39  Zergling x2  
  168  12:45  Zergling x10  
  168  12:47  Hydralisk  
  168  12:48  Zergling x6  
  178  12:56  Zergling x12, Baneling  
  178  12:57  Baneling x6  
  180  13:01  Zergling x8  
  180  13:03  Zergling x2  
  183  13:09  Baneling x9  
  183  13:10  Zergling x16  
  191  13:17  Baneling  
  191  13:18  Baneling x5  
  191  13:27  Overseer x2  
  186  13:28  Hydralisk  
  186  13:29  Hydralisk  
  186  13:31  Overlord  
  188  13:36  Hydralisk  
  188  13:37  Zergling x12  
  184  13:41  Zergling x2  
  184  13:42  Zergling x16  
  176  13:51  Hydralisk  
  176  13:52  Zergling x28  
  186  14:00  Hydralisk x3  
  186  14:01  Zergling x2  
  186  14:02  Queen  
  177  14:04  Hydralisk  
  177  14:05  Zergling x12  
  177  14:07  Zergling x4  
  187  14:11  Zergling x2  
  187  14:13  Hydralisk  
  187  14:14  Zergling x4  
  192  14:18  Spire  
  192  14:19  Hatchery  
  192  14:20  Grooved Spines, Extractor  
  192  14:21  Zergling x2  
  192  14:22  Zergling x10  
  195  14:28  Zergling x2  
  195  14:29  Zergling x6  
  195  14:30  Baneling x8  
  195  14:31  Baneling  
  196  14:36  Zergling x4  
  196  14:39  Zergling x2  
  196  14:40  Zergling x4  
  196  14:46  Zergling x6  
  196  14:47  Zergling x4  
  198  14:54  Overlord  
  198  14:56  Overlord  
  198  14:59  Zergling x16  
  190  15:00  Zergling x10  
  190  15:02  Hydralisk  
  192  15:07  Zergling x8  
  192  15:10  Overlord  
  194  15:15  Hydralisk  
  194  15:16  Zergling x8  
  171  15:22  Zergling x8  
Show
View Real Time Build Order
Export as new Build Order

liquidclem Terran - Winner!

Build Orders: Reaper Expand, Hellion Banshee 

Get SALT Encoding   

  8  0:00  SCV  
  9  0:13  SCV  
  10  0:25  SCV  
  10  0:27  Supply Depot  
  11  0:37  SCV  
  12  0:49  SCV  
  13  0:52  Barracks  
  13  1:01  SCV  
  14  1:06  Refinery  
  14  1:13  SCV  
  15  1:25  SCV  
  16  1:40  Orbital Command  
  16  1:49  Reaper  
  17  2:05  Command Center  
  18  2:08  SCV  
  18  2:19  Supply Depot  
  18  2:20  SCV  
  19  2:23  Marine  
  20  2:32  SCV  
  20  2:36  Factory  
  21  2:44  SCV  
  21  2:45  Barracks Reactor  
  21  2:50  Refinery  
  22  2:57  SCV  
  23  3:09  SCV  
  24  3:17  Orbital Command  
  24  3:21  Starport  
  24  3:22  SCV  
  25  3:28  Hellion  
  25  3:29  Hellion  
  25  3:32  Barracks Tech Lab  
  29  3:34  SCV  
  30  3:42  Supply Depot, SCV  
  30  3:46  SCV  
  32  3:51  Hellion  
  32  3:53  Hellion  
  36  3:56  SCV  
  36  4:00  SCV  
  38  4:05  Banshee  
  38  4:08  Cloaking Field  
  41  4:14  SCV x2  
  41  4:16  Supply Depot  
  43  4:23  Hellion x2  
  46  4:26  SCV  
  46  4:27  Barracks Tech Lab  
  46  4:30  SCV  
  48  4:38  SCV, Supply Depot  
  49  4:43  SCV  
  50  4:46  Hellion  
  50  4:48  Banshee  
  50  4:49  Hellion  
  57  4:54  SCV  
  58  5:00  SCV  
  58  5:01  Supply Depot  
  58  5:06  SCV  
  60  5:09  Command Center  
  60  5:13  Stimpack  
  60  5:14  SCV  
  60  5:18  SCV  
  60  5:20  Barracks  
  62  5:25  Barracks, Factory Reactor  
  62  5:28  SCV  
  62  5:31  SCV, Supply Depot  
  62  5:34  Marine  
  65  5:40  SCV  
  53  5:43  SCV  
  53  5:48  Engineering Bay, Starport Reactor  
  50  5:50  Engineering Bay  
  50  5:52  Marine, SCV  
  50  5:55  Refinery, SCV  
  50  5:56  Refinery, Starport Reactor  
  53  6:05  SCV  
  53  6:08  SCV  
  53  6:09  Barracks, Marine  
  53  6:10  Marine x2, Barracks  
  58  6:17  SCV, Terran Infantry Weapons Level 1  
  59  6:19  Terran Infantry Armor Level 1  
  59  6:22  SCV  
  60  6:25  Marine x2  
  60  6:27  Marine  
  60  6:28  Siege Tank  
  60  6:29  SCV  
  60  6:30  Marine  
  68  6:34  SCV, Marine  
  68  6:37  Medivac  
  68  6:39  Medivac  
  74  6:41  SCV  
  74  6:46  Marine, SCV  
  77  6:47  Marine  
  77  6:50  Orbital Command  
  77  6:52  Marine x3  
  77  6:54  SCV  
  82  6:58  Barracks Reactor x2, SCV  
  83  7:02  Supply Depot  
  83  7:04  Supply Depot  
  83  7:05  Marine  
  83  7:07  Siege Tank  
  88  7:08  SCV  
  88  7:09  Marine  
  88  7:10  Marine  
  88  7:11  Marine  
  88  7:13  Combat Shield  
  88  7:15  Marine  
  92  7:17  SCV  
  92  7:18  SCV  
  92  7:22  SCV  
  95  7:24  Factory  
  95  7:26  Refinery  
  95  7:29  Supply Depot, SCV  
  96  7:31  SCV, Marine x2  
  96  7:34  Medivac  
  96  7:35  Medivac, Marine  
  104  7:37  Marine x2  
  104  7:38  Marine  
  104  7:40  Marine x2  
  108  7:45  Supply Depot, Armory  
  108  7:46  SCV  
  108  7:47  SCV  
  108  7:48  SCV  
  108  7:51  Widow Mine  
  113  7:54  Marine  
  113  7:55  Marine, Supply Depot  
  113  7:56  Marine  
  113  7:58  Marine  
  117  8:00  Marine x2  
  119  8:06  Marine x3, Medivac  
  119  8:11  Factory Reactor  
  119  8:12  Marine x2, SCV  
  125  8:16  Marine  
  125  8:17  SCV  
  125  8:18  Command Center  
  125  8:19  Marine x2  
  131  8:21  Widow Mine  
  131  8:23  Marine  
  131  8:24  Marine  
  135  8:28  Supply Depot  
  135  8:33  Terran Infantry Weapons Level 2  
  135  8:35  Drilling Claws  
  135  8:40  Terran Infantry Armor Level 2  
  135  8:45  Supply Depot  
  135  8:50  Marine x5, Medivac, Widow Mine  
  135  8:54  Marine  
  138  8:56  Medivac  
  138  8:57  Widow Mine, Marine  
  137  9:03  Widow Mine, Marine x2  
  137  9:08  Marine  
  140  9:11  Marine x3  
  140  9:12  Widow Mine  
  140  9:14  Marine x2  
  140  9:15  Marine  
  143  9:20  Widow Mine, Medivac  
  143  9:21  Marine x2, SCV  
  143  9:22  SCV  
  150  9:25  Marine  
  150  9:29  Marine x3, Medivac, Widow Mine  
  150  9:30  Supply Depot x2, SCV  
  156  9:31  Marine  
  156  9:32  Supply Depot  
  156  9:34  Widow Mine, Marine  
  156  9:35  SCV  
  148  9:40  Marine  
  148  9:41  Marine x2, Widow Mine  
  148  9:43  SCV  
  148  9:44  Marine  
  143  9:46  SCV  
  143  9:49  Marine  
  143  9:50  Medivac, Marine  
  143  9:51  Marine, Widow Mine  
  151  9:53  Marine x2  
  151  9:55  SCV  
  151  9:56  Widow Mine, SCV  
  151  9:58  SCV  
  158  10:02  Widow Mine  
  158  10:03  Marine  
  158  10:06  Marine  
  162  10:07  SCV  
  162  10:08  SCV  
  162  10:10  Marine  
  162  10:11  Marine x3  
  162  10:12  Widow Mine  
  162  10:13  SCV  
  171  10:17  Widow Mine  
  171  10:19  Marine, SCV  
  166  10:24  Marine x2, Widow Mine  
  164  10:30  Barracks x2  
  164  10:31  Barracks, Marine x3  
  164  10:33  SCV  
  164  10:34  Widow Mine  
  164  10:35  Planetary Fortress  
  170  10:38  Widow Mine  
  170  10:41  Starport  
  168  10:42  Marine  
  168  10:43  Marine  
  168  10:45  Widow Mine  
  168  10:49  Marine x3  
  157  10:50  Marine x3  
  157  10:52  Medivac  
  157  10:54  Marine  
  157  10:55  Widow Mine  
  157  10:56  Terran Infantry Weapons Level 3  
  157  10:57  Terran Infantry Armor Level 3  
  157  11:00  Widow Mine, Marine x2  
  161  11:07  Widow Mine, Marine x3  
  161  11:08  Marine x3  
  161  11:09  Medivac  
  171  11:12  Marine  
  171  11:13  Terran Vehicle And Ship Armor Level 1  
  171  11:16  Widow Mine  
  171  11:18  Marine x2  
  174  11:19  Starport Reactor  
  174  11:21  Fusion Core, Widow Mine  
  174  11:24  Barracks Tech Lab x2, Marine  
  174  11:25  Marine x3, Barracks Tech Lab  
  180  11:28  Widow Mine  
  180  11:29  SCV  
  180  11:31  Supply Depot  
  180  11:32  Refinery  
  185  11:33  Refinery  
  185  11:37  Sensor Tower  
  185  11:38  Widow Mine  
  185  11:42  Marine, Widow Mine  
  185  11:43  Marine  
  185  11:47  Marine  
  160  11:48  Marine  
  160  11:49  Widow Mine  
  160  11:50  Medivac, Marine x2  
  160  11:53  Marine  
  167  11:56  Marine x3  
  167  11:57  Liberator x2  
  167  11:59  Liberator, Widow Mine  
  176  12:01  SCV  
  176  12:02  Marine  
  176  12:04  Widow Mine  
  176  12:06  Marine  
  176  12:07  Marine  
  176  12:08  Marine x2  
  175  12:09  SCV  
  175  12:10  SCV  
  175  12:11  Widow Mine  
  175  12:14  Marine x2  
  175  12:15  SCV  
  170  12:20  Liberator  
  170  12:21  Widow Mine  
  170  12:22  Marine  
  168  12:24  Marauder  
  168  12:25  Widow Mine  
  168  12:29  Marine x5  
  172  12:31  Marine  
  172  12:32  Widow Mine  
  172  12:35  Marauder  
  177  12:39  Liberator  
  177  12:41  Marauder  
  177  12:42  Widow Mine  
  184  12:45  Liberator x2  
  184  12:47  Widow Mine  
  191  12:53  Command Center, Widow Mine  
  191  12:57  Marine x6  
  191  12:58  Marine  
  193  13:03  Liberator, Widow Mine  
  190  13:05  Marine  
  190  13:06  Marauder, Marine  
  190  13:08  Widow Mine  
  190  13:11  Marauder x2  
  190  13:12  Caduceus Reactor  
  200  13:17  Terran Vehicle And Ship Armor Level 2  
  200  13:21  Marine  
  200  13:25  Marauder, Marine x4  
  195  13:28  Marine x3  
  195  13:29  Marine  
  195  13:32  Liberator  
  195  13:34  Ghost Academy  
  195  13:36  Marauder x2  
  195  13:37  Orbital Command  
  195  13:38  Marine  
  195  13:39  Widow Mine  
  191  13:42  Widow Mine x2  
  191  13:43  Marine x3  
  188  13:52  SCV  
  180  14:00  Widow Mine  
  180  14:02  Medivac  
  175  14:03  Widow Mine  
  175  14:04  Widow Mine  
  175  14:06  Ghost x3  
  188  14:14  SCV  
  188  14:15  Marine x2  
  191  14:20  Sensor Tower  
  191  14:21  Marine x2  
  191  14:22  Marine, Widow Mine  
  191  14:23  Marine  
  191  14:24  Marine  
  198  14:29  Medivac  
  190  14:40  Marine  
  190  14:41  Marauder  
  190  14:43  Marine x2, Widow Mine  
  190  14:44  Marine  
  187  14:47  Marine x4  
  187  14:50  Medivac  
  191  14:52  Marine  
  191  14:59  Planetary Fortress  
  186  15:01  Factory Reactor  
  186  15:04  Medivac  
  186  15:05  Widow Mine  
  188  15:10  Marauder  
  183  15:15  Marauder  
  183  15:19  Marine x2  
  183  15:20  Marine  
  183  15:21  Marine  
Tags
 
Add a new tag
Caveats
  • Supply blocks, unpowered buildings, or Contaminate may cause inaccurate times.
  • Supply counts are checked every 10 seconds.